 Dungeon Sprint DCSS version 0.16-b1 (webtiles) character file.

989 Medar the Martial Artist (level 7, -4/108 HPs)
             Began as a Deep Dwarf Monk on Mar 5, 2015.
             Was a Believer of Makhleb.
             Slain by a centaur warrior (11 damage)
             ... in the Dungeon (Sprint I: "Red Sonja").
             The game lasted 00:03:09 (598 turns).

Medar the Martial Artist (Deep Dwarf Monk)           Turns: 598, Time: 00:03:09

Health: -4/108     AC:  3    Str: 20    XL:     7   Next: 98%
Magic:  6/6        EV: 18    Int: 10    God:    Makhleb [**....]
Gold:   10         SH:  0    Dex: 17    Spells: 0 memorised, 6 levels left

rFire  . . .     SeeInvis .       - Unarmed
rCold  . . .     Clarity  .     a - +1 robe
rNeg   . . .     SustAb   .     (no shield)
rPois  .         Gourm    .     (no helmet)
rElec  .         Spirit   .     (no cloak)
rCorr  .         Warding  .     (no gloves)
rMut   .         NoTele   +     (no boots)
MR     +....                    (no amulet)
Stlth  ..........               (no ring)
                                (no ring)

@: berserking, non-regenerating, very quick, somewhat resistant to hostile
enchantments, extremely unstealthy
A: damage resistance, recharge devices, sense surroundings 1, slow healing 3
a: Device Recharging, Minor Destruction, Renounce Religion


You were in the Dungeon.
You worshipped Makhleb.
Makhleb was pleased with you.
You were not hungry.

You visited 1 branch You collected 310 gold pieces.
You spent 300 gold pieces at shops.

Inventory:

Armour
 a - a +1 robe (worn)
Magical devices
 b - a wand of heal wounds (1)
 j - a wand of slowing (0)
Scrolls
 i - a scroll of blinking
Potions
 d - 2 potions of curing {@q1}
 e - a potion of heal wounds
 f - 2 potions of haste
 g - 2 potions of magic
 l - a potion of agility
 m - a potion of invisibility
Comestibles
 c - a bread ration
 k - 7 chunks of flesh


   Skills:
 + Level 7.4 Fighting
 + Level 8.9 Dodging
 - Level 2.4 Stealth
 * Level 12.9 Unarmed Combat


You had 6 spell levels left.
You didn't know any spells.

Dungeon Overview and Level Annotations

Branches:
Dungeon (1/1)

Altars:
Elyvilon
Gozag
Kikubaaqudgha
Makhleb
Nemelex Xobeh
Okawaru
Qazlal
Ru
Sif Muna
Trog
Vehumet
Xom
Yredelemnul
Zin
The Shining One

Shops:
D !

Annotations:
D Sonja


Innate Abilities, Weirdness & Mutations

You are resistant to damage.
You can recharge devices by infusing magical energy.
You passively map a small area around you.
You do not heal naturally.


Message History

* * * LOW HITPOINT WARNING * * *
You closely miss the centaur warrior.
The centaur warrior is almost dead.
The centaur warrior closely misses you. The centaur warrior hits you!
* * * LOW HITPOINT WARNING * * *
You punch the centaur warrior!
You kill the centaur warrior!
Makhleb accepts your kill.
Your Fighting skill gained 2 levels and is now at level 7!
Your Dodging skill gained 2 levels and is now at level 8!
Your Unarmed Combat skill increases to level 12!
You have reached level 7!
The centaur warrior hits you.
You hit the centaur warrior. You punch the centaur warrior!!
The centaur warrior is moderately wounded.
The centaur warrior hits you.
You pummel the centaur warrior!!
The centaur warrior is almost dead.
The centaur warrior hits you!
You die...

############# ** *
#.)'..#.)'..# _* , ,
)..#..'..#..+ ,,*,
#####'#####'# ####
####..#...#.####)$#
#__####..##)#§≈§§§#
#_..__##'#§.§§§§§§+
,*
#_.∩...÷..._#≈≈§@c#
,
#_..._##_.#'##+####*
#_____###+#.#
####### #.### * * *
, $.$ , * ,


$K$ * ** , ##.## , , , #+# * , You could see a centaur warrior.

Vanquished Creatures
  A centaur warrior (D)
  A yak (D)
  An ogre (D)
  Sigmund (D)
  A jelly (D)
  Ijyb (D)
6 creatures vanquished.

Vanquished Creatures (others)
  A gargoyle (D)
1 creature vanquished.

Grand Total: 7 creatures vanquished

Notes
Turn   | Place    | Note
--------------------------------------------------------------
     0 | D        | Medar, the Deep Dwarf Monk, began the quest for the Orb.
     0 | D        | Reached XP level 1. HP: 20/20 MP: 1/1
     1 | D        | Noticed Ijyb
    33 | D        | Killed Ijyb
    33 | D        | Reached skill level 5 in Unarmed Combat
    33 | D        | Reached XP level 2. HP: 17/27 MP: 2/2
   334 | D        | Noticed an ogre
   354 | D        | Killed an ogre
   354 | D        | Reached skill level 9 in Unarmed Combat
   354 | D        | Reached XP level 3. HP: 33/33 MP: 3/3
   354 | D        | Reached XP level 4. HP: 40/40 MP: 4/4
   372 | D        | Noticed Sigmund
   386 | D        | Killed Sigmund
   386 | D        | Reached XP level 5. HP: 23/50 MP: 5/5
   403 | D        | Found a deep blue altar of Sif Muna.
   404 | D        | Noticed a jelly
   405 | D        | Found a radiant altar of Vehumet.
   410 | D        | Killed a jelly
   410 | D        | Reached skill level 5 in Dodging
   410 | D        | Reached skill level 10 in Unarmed Combat
   433 | D        | Found Pnaicimp's Distillery.
   433 | D        | Found a white marble altar of Elyvilon.
   433 | D        | Found a stormy altar of Qazlal.
   433 | D        | Found a burning altar of Makhleb.
   433 | D        | Found a sacrificial altar of Ru.
   433 | D        | Found a basalt altar of Yredelemnul.
   433 | D        | Found a glowing golden altar of the Shining One.
   433 | D        | Found a sparkling altar of Nemelex Xobeh.
   433 | D        | Found a shimmering altar of Xom.
   433 | D        | Found an opulent altar of Gozag.
   433 | D        | Found an ancient bone altar of Kikubaaqudgha.
   433 | D        | Found a glowing silver altar of Zin.
   433 | D        | Noticed a yak
   449 | D        | Killed a yak
   449 | D        | Reached skill level 5 in Fighting
   449 | D        | Reached skill level 11 in Unarmed Combat
   449 | D        | Reached XP level 6. HP: 52/61 MP: 5/5
   450 | D        | Found an iron altar of Okawaru.
   456 | D        | Killed a gargoyle
   553 | D        | Found a bloodstained altar of Trog.
   556 | D        | Became a worshipper of Makhleb the Destroyer
   556 | D        | Acquired Makhleb's first power
   556 | D        | Acquired Makhleb's second power
   560 | D        | Bought a potion of haste for 120 gold pieces
   560 | D        | Bought a potion of curing for 36 gold pieces
   560 | D        | Bought a potion of agility for 48 gold pieces
   560 | D        | Bought a potion of invisibility for 96 gold pieces
   566 | D        | Noticed Sonja
   580 | D        | Noticed a centaur warrior
   581 | D        | Noticed a centaur warrior
   596 | D        | Killed a centaur warrior
   596 | D        | Reached skill level 12 in Unarmed Combat
   596 | D        | Reached XP level 7. HP: 7/72 MP: 6/6
   598 | D        | Slain by a centaur warrior

Action                   |  1- 3 |  4- 6 |  7- 9 || total
-------------------------+-------+-------+-------++-------
Melee: Unarmed           |    42 |    39 |     2 ||    83
 Abil: Device Recharging |       |     1 |       ||     1
Evoke: Wand              |     6 |     4 |       ||    10
  Use: Scroll            |       |     1 |       ||     1
       Potion            |       |     1 |       ||     1
 Stab: Sleeping          |     1 |     2 |       ||     3
